AoeStats
← Okillebo

Arabia

504803605Analyzed
1v1 RM · 25d ago on Sep 6, 2026· 55m 59s· 2 players
Game mode
Random Map
Map size
Tiny (2 player)
Population
200
Speed
Normal
Resources
Standard
Victory
Conquest
Starting age
Dark Age
Ending age
Imperial Age
RankedLock teamsTeams togetherTeam positionsShared explorationLock speedFull tech treeHidden civsTurbo modeCheats
Victory
Defeat
🇫🇷 Franks · France
852
+13
🇮🇹 Spanish · Italy
795
-13
dadamora
4:46 Loom
10:56 Feudal Age
12:46 Town Watch
13:51 Double-Bit Axe
16:00 Wheelbarrow
16:54 Forging
17:08 Horse Collar
19:49 Scale Mail Armor
22:58 Castle Age
21:37 Gold Mining
22:21 Fletching
23:12 Padded Archer Armor
23:01 Pikeman
23:42 Squires
24:20 Iron Casting
24:23 Chain Mail Armor
25:23 Sanctity
25:51 Fervor
27:18 Redemption
31:18 Imperial Age
29:44 Stone Mining
31:06 Bow Saw
33:05 Chemistry
34:37 Blast Furnace
34:22 Masonry
36:45 Two-Man Saw
37:18 Ballistics
38:53 Arson
43:03 Redemption
43:07 Inquisition
44:58 Halberdier
46:46 Hand Cart
47:25 Theocracy
49:52 Supremacy
50:56 Supremacy
51:12 Hoardings
51:48 Plate Mail Armor
53:51 Bodkin Arrow
Okillebo
5:40 Loom
10:23 Feudal Age
18:01 Castle Age
17:41 Scale Barding Armor
22:15 Double-Bit Axe
22:54 Forging
27:13 Gold Mining
28:31 Husbandry
28:57 Bow Saw
28:43 Stone Mining
37:32 Imperial Age
37:10 Gold Shaft Mining
40:27 Conscription
40:08 Cavalier
43:56 Theocracy
42:48 Paladin
45:04 Chain Barding Armor
45:23 Iron Casting
44:39 Fletching
45:50 Heavy Scorpion
47:23 Devotion
49:01 Ballistics
48:49 Siege Engineers
48:42 Murder Holes
49:31 Faith
51:33 Chemistry
Connection lost

Rejoining the realm…

Still unreachable

The connection could not be restored.

Session expired

The server has moved on; the page needs a fresh start.